Map: Pillars of Gold LE

Players

AgoElazer (Elazer) - Winner!

  • Race: Zerg Zerg
  • Spawn Location: 7:00

maru

  • Race: Terran Terran
  • Spawn Location: 1:00

Event: TSL 6

VOD

Have the link to the VOD?

Description

Time

  • Played on: Dec. 20, 2020, 12:19 p.m.
  • Length: 11:55

All games in this series

Show
View Real Time Build Order
Export as new Build Order

AgoElazer Zerg - Winner!

Build Orders: Hatch First 

Get SALT Encoding   

  12  0:00  Drone  
  13  0:12  Overlord  
  13  0:17  Drone  
  14  0:31  Drone x2  
  16  0:50  Hatchery  
  16  0:52  Drone  
  16  0:55  Drone  
  17  1:00  Drone  
  18  1:09  Extractor  
  17  1:15  Spawning Pool  
  16  1:19  Drone  
  16  1:22  Drone  
  18  1:28  Drone  
  19  1:39  Drone  
  20  1:50  Drone  
  21  2:02  Queen x2  
  21  2:03  Zergling x2  
  21  2:04  Overlord  
  26  2:13  Zergling x2, Metabolic Boost  
  26  2:14  Drone  
  28  2:23  Drone  
  28  2:24  Drone  
  29  2:37  Drone  
  29  2:42  Drone  
  29  2:43  Hatchery  
  29  2:49  Queen  
  31  2:55  Drone  
  31  2:57  Overlord  
  32  3:00  Drone  
  32  3:02  Drone  
  34  3:09  Drone  
  35  3:17  Drone  
  35  3:18  Queen  
  35  3:19  Overlord  
  38  3:21  Drone x2  
  38  3:23  Drone  
  41  3:30  Queen  
  43  3:38  Spore Crawler  
  43  3:39  Drone x3  
  45  3:42  Spore Crawler  
  45  3:48  Spore Crawler  
  43  3:49  Overlord  
  43  3:51  Spore Crawler  
  43  3:55  Spore Crawler  
  41  3:59  Drone x6  
  51  4:04  Drone x3  
  51  4:06  Drone  
  55  4:10  Queen  
  55  4:15  Drone x3  
  60  4:20  Zergling x4  
  60  4:22  Evolution Chamber  
  61  4:26  Zergling x2  
  61  4:30  Zergling x4  
  64  4:34  Drone  
  64  4:36  Overlord  
  65  4:45  Baneling Nest, Drone  
  65  4:49  Zerg Ground Armor Level 1  
  65  4:50  Overlord  
  65  4:54  Drone x8  
  65  4:55  Drone  
  65  4:57  Spore Crawler  
  72  5:03  Overlord  
  72  5:06  Drone x2  
  74  5:14  Spore Crawler, Hatchery  
  73  5:17  Lair, Drone x3  
  73  5:18  Extractor, Drone  
  73  5:20  Drone  
  76  5:22  Drone x2  
  76  5:24  Overlord  
  76  5:26  Extractor, Drone x2  
  79  5:29  Extractor  
  79  5:30  Extractor, Drone x2  
  79  5:33  Overlord  
  79  5:38  Zergling x2, Evolution Chamber  
  79  5:39  Zergling x8  
  83  5:46  Drone  
  85  5:50  Spore Crawler, Hatchery  
  85  5:52  Overlord  
  83  5:58  Overlord  
  83  6:03  Baneling  
  83  6:04  Baneling x3  
  81  6:06  Zergling x14  
  84  6:15  Overlord  
  84  6:18  Drone x3  
  86  6:20  Overseer  
  86  6:22  Drone x3  
  89  6:27  Drone x2  
  89  6:32  Drone x3  
  94  6:36  Overlord  
  94  6:38  Drone x2  
  95  6:42  Drone  
  95  6:43  Overlord  
  95  6:44  Drone x2  
  98  6:51  Drone x3  
  98  6:53  Zerg Ground Armor Level 2  
  101  6:56  Centrifical Hooks  
  101  6:59  Drone  
  101  7:00  Evolution Chamber  
  101  7:02  Zergling x2  
  101  7:03  Zergling x4  
  101  7:08  Zergling x10  
  108  7:16  Zergling x14  
  112  7:23  Zergling x4  
  112  7:28  Zerg Melee Weapons Level 1  
  114  7:30  Zergling x16  
  118  7:45  Zergling x20  
  117  7:52  Baneling x10  
  117  7:55  Zergling x10  
  122  8:03  Overlord  
  122  8:04  Zergling x18  
  128  8:06  Baneling x6  
  128  8:13  Zergling x14  
  130  8:21  Zergling x6  
  130  8:23  Queen x2  
  130  8:24  Baneling x7  
  137  8:27  Zergling x2  
  137  8:29  Baneling x7  
  130  8:34  Zergling x2  
  130  8:35  Zergling x4  
  130  8:40  Zergling x2  
  130  8:41  Zergling x8  
  133  8:47  Zergling x16  
  130  8:50  Zergling x2  
  130  8:51  Zergling x4  
  130  9:00  Zergling x6  
  130  9:05  Zergling x2  
  130  9:06  Zergling x2  
  126  9:11  Overlord, Zerg Missile Weapons Level 1, Hatchery  
  126  9:13  Drone x4  
  126  9:14  Hydralisk Den  
  119  9:24  Zergling x10  
  114  9:33  Zergling x20  
  114  9:37  Zergling x2  
  108  9:43  Zergling x4  
  108  9:44  Zergling x2  
  108  9:47  Baneling x13  
  108  9:49  Zergling x4  
  108  9:51  Muscular Augments  
  109  10:00  Hydralisk x8  
  125  10:07  Hydralisk x5  
  125  10:10  Baneling x7  
  135  10:16  Baneling x7  
  135  10:17  Baneling  
  135  10:18  Zergling x6  
  135  10:19  Zergling x6  
  141  10:24  Zergling x6  
  143  10:30  Overlord  
  143  10:33  Drone  
  143  10:34  Extractor, Drone x3, Infestation Pit  
  145  10:35  Drone x2  
  145  10:40  Drone  
  146  10:47  Zergling x12  
  146  10:51  Zergling x10  
  146  10:56  Pneumatized Carapace, Overseer  
  148  11:02  Zergling x2  
  148  11:03  Zergling x22  
  145  11:04  Zergling x2  
  145  11:05  Zergling x2  
  145  11:18  Zergling x10  
  145  11:20  Hatchery  
  145  11:25  Overlord x3  
Show
View Real Time Build Order
Export as new Build Order

maru Terran 

Build Orders: Reaper Expand, Hellion Banshee 

Get SALT Encoding   

  12  0:00  SCV  
  13  0:12  SCV  
  14  0:17  Supply Depot  
  14  0:24  SCV  
  15  0:39  SCV  
  15  0:41  Barracks  
  16  0:45  Refinery  
  16  0:51  SCV  
  17  1:03  SCV  
  18  1:15  SCV  
  19  1:28  Orbital Command, Reaper  
  20  1:42  Command Center  
  20  1:53  Supply Depot  
  20  1:54  SCV  
  21  2:00  Marine  
  22  2:06  SCV  
  23  2:10  Factory  
  23  2:18  SCV  
  25  2:24  Barracks Reactor  
  24  2:30  SCV  
  25  2:43  SCV  
  26  2:45  Command Center  
  26  2:55  Orbital Command  
  26  3:03  SCV  
  26  3:04  Starport  
  27  3:07  Refinery  
  27  3:15  SCV  
  27  3:19  Hellion x2  
  32  3:22  SCV  
  32  3:24  Barracks Tech Lab  
  33  3:27  SCV  
  34  3:34  SCV  
  34  3:40  SCV  
  36  3:42  Hellion x2  
  36  3:47  SCV  
  41  3:52  SCV  
  42  3:57  Banshee  
  42  3:58  Orbital Command  
  42  3:59  SCV  
  42  4:01  Barracks Tech Lab  
  45  4:04  SCV  
  45  4:09  Cloaking Field  
  46  4:10  Supply Depot  
  46  4:15  Hellion x2, SCV  
  51  4:18  SCV  
  51  4:23  Marine  
  51  4:24  SCV  
  54  4:27  SCV  
  55  4:34  Supply Depot  
  55  4:39  Hellion x2  
  55  4:40  Banshee  
  55  4:41  Refinery  
  55  4:43  SCV  
  55  4:44  Orbital Command, Stimpack  
  63  4:51  SCV  
  63  4:52  Supply Depot  
  64  4:55  SCV  
  65  5:03  SCV  
  66  5:08  SCV  
  66  5:10  Barracks  
  66  5:11  Barracks, Factory Reactor  
  66  5:12  Supply Depot, Marine  
  69  5:14  SCV  
  69  5:15  Supply Depot, SCV  
  69  5:20  Engineering Bay x2  
  70  5:24  SCV  
  70  5:26  Refinery, SCV  
  72  5:30  Marine  
  72  5:33  SCV  
  74  5:36  SCV  
  74  5:37  Starport Reactor  
  74  5:38  SCV  
  76  5:45  SCV  
  76  5:46  Terran Infantry Armor Level 1, Terran Infantry Weapons Level 1  
  76  5:48  SCV, Marine  
  79  5:54  SCV  
  80  6:01  Siege Tank  
  80  6:02  Barracks  
  80  6:03  Barracks, Marine  
  80  6:04  Marine  
  85  6:06  Marine  
  85  6:07  SCV  
  85  6:10  SCV x2  
  89  6:13  Supply Depot  
  89  6:19  SCV  
  89  6:21  Marine  
  89  6:22  Medivac x2, SCV x2, Marine x2  
  99  6:31  SCV  
  100  6:34  SCV  
  100  6:35  SCV  
  100  6:36  Combat Shield  
  100  6:37  Armory  
  100  6:39  Marine x3  
  100  6:40  Marine x2  
  100  6:43  SCV  
  100  6:44  Supply Depot  
  105  6:51  Barracks Reactor x2  
  105  6:52  SCV x2  
  107  6:55  Medivac  
  109  7:03  Supply Depot x2  
  109  7:04  Supply Depot  
  109  7:05  SCV, Siege Tank, Marine  
  114  7:09  Marine x3  
  114  7:13  Supply Depot  
  117  7:16  Marine  
  117  7:17  SCV x2  
  117  7:18  Medivac  
  106  7:23  SCV, Marine  
  106  7:25  Medivac  
  106  7:26  Marine x2  
  106  7:27  Marine  
  106  7:29  Factory, SCV  
  115  7:30  Refinery, SCV, Marine x3  
  115  7:34  Marine  
  115  7:35  SCV  
  120  7:41  SCV, Marine x2  
  120  7:44  Marine x3  
  120  7:51  Marine x3  
  115  7:53  Medivac, Siege Tank  
  115  7:55  Medivac, Marine  
  115  7:56  SCV  
  127  7:58  Marine x2  
  127  7:59  Refinery  
  127  8:00  Supply Depot  
  127  8:02  Marine x3  
  132  8:05  Terran Infantry Weapons Level 2  
  132  8:09  Marine x3  
  135  8:13  Marine  
  135  8:16  Marine x2  
  135  8:17  Terran Infantry Armor Level 2  
  135  8:18  SCV  
  135  8:19  SCV x2  
  120  8:20  Factory Reactor, Marine x3  
  122  8:30  SCV  
  122  8:31  SCV x2  
  120  8:35  Marine x6  
  121  8:43  SCV x3  
  112  8:55  SCV x3  
  110  9:01  Marine x4  
  111  9:06  Widow Mine x2, Drilling Claws  
  111  9:07  Widow Mine, SCV x3  
  113  9:15  Orbital Command  
  111  9:19  SCV x3  
  113  9:25  Marine x2  
  106  9:31  SCV  
  106  9:32  Marine x5  
  106  9:33  Marine x2  
  106  9:34  SCV  
  80  9:40  Widow Mine  
  80  9:43  SCV x2, Marine  
  83  9:46  SCV  
  83  9:47  Widow Mine  
  86  9:55  SCV x2, Marine  
  86  9:56  Marine x5  
  86  9:57  Marine  
  86  9:58  SCV  
  96  10:04  Widow Mine x2  
  100  10:10  SCV x3  
  100  10:11  Medivac x2, Marine  
  100  10:12  Marine  
  100  10:13  Marine x3  
  112  10:22  SCV  
  112  10:25  SCV  
  114  10:30  Marine x5  
  114  10:31  Command Center  
  114  10:32  SCV  
  114  10:34  SCV  
  121  10:37  Supply Depot, SCV  
  121  10:40  Marine  
  121  10:42  Orbital Command  
  122  10:44  SCV  
  122  10:46  Widow Mine x2, SCV  
  122  10:49  SCV  
  123  10:58  SCV  
  123  11:02  SCV  
  109  11:10  SCV  
  96  11:11  Siege Tank  
  96  11:12  Widow Mine x2  
  96  11:13  Marauder, Marine x3  
  96  11:14  SCV  
  107  11:22  SCV x2  
  107  11:25  Marine x4  
  105  11:26  SCV  
  106  11:34  SCV  
Tags
 
Add a new tag
Caveats
  • Supply blocks, unpowered buildings, or Contaminate may cause inaccurate times.
  • Supply counts are checked every 10 seconds.